TOP OF THE 1ST |
Cleveland (WIN) Indians batting - Pitching for Tampa Bay (WIN) Rays : LHP Chris Ross
|
Pitching: LHP Chris Ross
|
|
Batting: RHB Rick O'Reilly
|
0-0: Called Strike 0-1: Ground out 4-3 (Groundball, 34D, EV 102.5 MPH)
|
Batting: LHB John Harring
|
0-0: Called Strike 0-1: SINGLE (Line Drive, 89S, EV 103.1 MPH)
|
Batting: RHB Anibal Casteles
|
0-0: Called Strike 0-1: Foul Ball, location: 2F 0-2: Strikes out swinging
|
Batting: RHB Christian Blue
|
0-0: Ball John Harring is caught stealing 2nd base 2-4
|
Top of the 1st over - 0 runs, 1 hit, 0 errors, 0 left on base; Cleveland (WIN) 0 - Tampa Bay (WIN) 0 |
BOTTOM OF THE 1ST |
Tampa Bay (WIN) Rays batting - Pitching for Cleveland (WIN) Indians : RHP Fred Huber
|
Pitching: RHP Fred Huber
|
|
Batting: RHB Alex Diaz
|
0-0: Called Strike 0-1: Ball 1-1: Foul Ball, location: 2F 1-2: Foul Ball, location: 2F 1-2: Strikes out swinging
|
Batting: SHB Lou Kroneman
|
0-0: Foul Ball, location: 2F 0-1: Ball 1-1: Called Strike 1-2: SOLO HOME RUN (Flyball, 89XD, EV 113.8 MPH), Distance : 454 ft
|
Batting: SHB Joey Pacheco
|
0-0: Ball 1-0: Ball 2-0: Ball 3-0: Base on Balls
|
Batting: RHB Jonathan Fraire
|
0-0: Called Strike 0-1: Ball Joey Pacheco is caught stealing 2nd base 2-4 1-1: Fly out, F3 (Popup, 34S, EV 73.1 MPH)
|
Bottom of the 1st over - 1 run, 1 hit, 0 errors, 0 left on base; Cleveland (WIN) 0 - Tampa Bay (WIN) 1 |
TOP OF THE 2ND |
Cleveland (WIN) Indians batting - Pitching for Tampa Bay (WIN) Rays : LHP Chris Ross
|
Batting: RHB Christian Blue
|
0-0: Ball 1-0: Ball 2-0: Called Strike 2-1: Foul Ball, location: 2F 2-2: Hit by Pitch
|
Batting: RHB Adam McMillen
|
0-0: Ball 1-0: Called Strike 1-1: Ball 2-1: Called Strike 2-2: Strikes out looking
|
Batting: LHB Corey Trevor
|
0-0: Swinging Strike 0-1: Ball 1-1: DOUBLE (Flyball, 89XD, EV 92.5 MPH) Christian Blue to third
|
Batting: RHB Mitch Boyd
|
0-0: Ball 1-0: Foul Ball, location: 2F 1-1: Swinging Strike 1-2: Foul Ball, location: 2F 1-2: Ball 2-2: Ball 3-2: Reached on error, E6 (Groundball, 6MD, EV 97.5 MPH) Christian Blue scores Corey Trevor scores
|
Batting: RHB George Wagner
|
0-0: 2-RUN HOME RUN (Flyball, 9D, EV 100.6 MPH), Distance : 413 ft
|
Batting: LHB Esteban Cordova
|
0-0: Called Strike 0-1: Ball 1-1: Ball 2-1: Called Strike 2-2: Ball 3-2: Foul Ball, location: 2F 3-2: Fly out, F8 (Line Drive, 8RM, EV 85.0 MPH)
|
Batting: RHB Rick O'Reilly
|
0-0: Foul Ball, location: 2F 0-1: Foul Ball, location: 2F 0-2: Strikes out swinging
|
Top of the 2nd over - 4 runs, 2 hits, 1 error, 0 left on base; Cleveland (WIN) 4 - Tampa Bay (WIN) 1 |
BOTTOM OF THE 2ND |
Tampa Bay (WIN) Rays batting - Pitching for Cleveland (WIN) Indians : RHP Fred Huber
|
Batting: LHB Eric Toney
|
0-0: Ball 1-0: Ball 2-0: Ball 3-0: Called Strike 3-1: Called Strike 3-2: Strikes out swinging
|
Batting: RHB Sesto Carpini
|
0-0: Ball 1-0: Ball 2-0: Fly out, F9 (Line Drive, 89M, EV 101.2 MPH)
|
Batting: LHB Darryl Gonnella
|
0-0: Ball 1-0: Swinging Strike 1-1: Foul Ball, location: 2F 1-2: Foul Ball, location: 2F 1-2: Fly out, F7 (Line Drive, 7, EV 86.2 MPH)
|
Bottom of the 2nd over - 0 runs, 0 hits, 0 errors, 0 left on base; Cleveland (WIN) 4 - Tampa Bay (WIN) 1 |
TOP OF THE 3RD |
Cleveland (WIN) Indians batting - Pitching for Tampa Bay (WIN) Rays : LHP Chris Ross
|
Batting: LHB John Harring
|
0-0: Ball 1-0: Called Strike 1-1: Ball 2-1: Ground out 5-3 (Groundball, 5, EV 98.1 MPH)
|
Batting: RHB Anibal Casteles
|
0-0: Called Strike 0-1: Ball 1-1: Swinging Strike 1-2: Strikes out swinging
|
Batting: RHB Christian Blue
|
0-0: Ball 1-0: Ball 2-0: Foul Ball, location: 2F 2-1: Called Strike 2-2: Foul Ball, location: 2F 2-2: Ball 3-2: Fly out, F7 (Flyball, 78M, EV 87.5 MPH)
|
Top of the 3rd over - 0 runs, 0 hits, 0 errors, 0 left on base; Cleveland (WIN) 4 - Tampa Bay (WIN) 1 |
BOTTOM OF THE 3RD |
Tampa Bay (WIN) Rays batting - Pitching for Cleveland (WIN) Indians : RHP Fred Huber
|
Batting: RHB James Huddleston
|
0-0: Called Strike 0-1: Fly out, F8 (Line Drive, 8RM, EV 97.5 MPH)
|
Batting: RHB Roberto Aispuro
|
0-0: Called Strike 0-1: Ball 1-1: Ball 2-1: Foul Ball, location: 2F 2-2: TRIPLE (Flyball, 89XD, EV 91.9 MPH)
|
Batting: RHB Alex Diaz
|
0-0: Foul Ball, location: 2F 0-1: Ball 1-1: Foul Ball, location: 2F 1-2: Ball 2-2: Foul Ball, location: 2F 2-2: Foul Ball, location: 2F 2-2: Ball 3-2: Ground out 5-3 (Groundball, 56, EV 81.2 MPH) Roberto Aispuro scores
|
Batting: SHB Lou Kroneman
|
0-0: Ball 1-0: Swinging Strike 1-1: Swinging Strike 1-2: Ball 2-2: Strikes out swinging
|
Bottom of the 3rd over - 1 run, 1 hit, 0 errors, 0 left on base; Cleveland (WIN) 4 - Tampa Bay (WIN) 2 |
TOP OF THE 4TH |
Cleveland (WIN) Indians batting - Pitching for Tampa Bay (WIN) Rays : LHP Chris Ross
|
Batting: RHB Adam McMillen
|
0-0: Called Strike 0-1: Called Strike 0-2: Fly out, F8 (Flyball, 8LD, EV 95.6 MPH)
|
Batting: LHB Corey Trevor
|
0-0: Ball 1-0: Ball 2-0: Foul Ball, location: 2F 2-1: Swinging Strike 2-2: Strikes out swinging
|
Batting: RHB Mitch Boyd
|
0-0: Ball 1-0: Foul Ball, location: 2F 1-1: Ground out 5-3 (Groundball, 56, EV 82.5 MPH)
|
Top of the 4th over - 0 runs, 0 hits, 0 errors, 0 left on base; Cleveland (WIN) 4 - Tampa Bay (WIN) 2 |
BOTTOM OF THE 4TH |
Tampa Bay (WIN) Rays batting - Pitching for Cleveland (WIN) Indians : RHP Fred Huber
|
Batting: SHB Joey Pacheco
|
0-0: Called Strike 0-1: Ball 1-1: Swinging Strike 1-2: Ball 2-2: Strikes out swinging, 2-3 out at first.
|
Batting: RHB Jonathan Fraire
|
0-0: Swinging Strike 0-1: Foul Ball, location: 2F 0-2: Ground out 5-3 (Groundball, 56, EV 105.0 MPH)
|
Batting: LHB Eric Toney
|
0-0: Called Strike 0-1: DOUBLE (Line Drive, 89D, EV 112.5 MPH)
|
Batting: RHB Sesto Carpini
|
0-0: Ball 1-0: Ball 2-0: Called Strike 2-1: Ball 3-1: Base on Balls
|
Batting: LHB Darryl Gonnella
|
0-0: Fly out, F8 (Line Drive, 8RS, EV 94.4 MPH)
|
Bottom of the 4th over - 0 runs, 1 hit, 0 errors, 2 left on base; Cleveland (WIN) 4 - Tampa Bay (WIN) 2 |
TOP OF THE 5TH |
Cleveland (WIN) Indians batting - Pitching for Tampa Bay (WIN) Rays : LHP Chris Ross
|
Batting: RHB George Wagner
|
0-0: Ball 1-0: Fly out, F8 (Flyball, 8RD, EV 86.2 MPH)
|
Batting: LHB Esteban Cordova
|
0-0: Ball 1-0: Foul Ball, location: 2F 1-1: Foul Ball, location: 2F 1-2: Ball 2-2: Ball 3-2: Strikes out looking
|
Batting: RHB Rick O'Reilly
|
0-0: Ball 1-0: Ball 2-0: Called Strike 2-1: Swinging Strike 2-2: Ball 3-2: Fly out, F8 (Flyball, 8RD, EV 99.4 MPH)
|
Top of the 5th over - 0 runs, 0 hits, 0 errors, 0 left on base; Cleveland (WIN) 4 - Tampa Bay (WIN) 2 |
BOTTOM OF THE 5TH |
Tampa Bay (WIN) Rays batting - Pitching for Cleveland (WIN) Indians : RHP Fred Huber
|
Batting: RHB James Huddleston
|
0-0: Called Strike 0-1: Called Strike 0-2: Fly out, F9 (Line Drive, 89M, EV 94.4 MPH)
|
Batting: RHB Roberto Aispuro
|
0-0: Called Strike 0-1: Fly out, F9 (Line Drive, 89M, EV 109.4 MPH)
|
Batting: RHB Alex Diaz
|
0-0: Swinging Strike 0-1: Swinging Strike 0-2: Ball 1-2: Ball 2-2: Strikes out looking
|
Bottom of the 5th over - 0 runs, 0 hits, 0 errors, 0 left on base; Cleveland (WIN) 4 - Tampa Bay (WIN) 2 |
TOP OF THE 6TH |
Cleveland (WIN) Indians batting - Pitching for Tampa Bay (WIN) Rays : LHP Chris Ross
|
Batting: LHB John Harring
|
0-0: Ball 1-0: SINGLE (Line Drive, 7LM, EV 111.9 MPH)
|
Batting: RHB Anibal Casteles
|
0-0: Ball 1-0: Fly out, F9 (Flyball, 9LS, EV 92.5 MPH)
|
Batting: RHB Christian Blue
|
0-0: Ball John Harring is caught stealing 2nd base 2-4 1-0: Called Strike 1-1: Ball 2-1: SINGLE (Groundball, 56D, EV 103.1 MPH)
|
Batting: RHB Adam McMillen
|
0-0: SINGLE (Flyball, 56D, EV 90.0 MPH) Christian Blue to second
|
Batting: LHB Corey Trevor
|
0-0: Ball 1-0: Ground out 4-3 (Groundball, 4, EV 106.2 MPH)
|
Top of the 6th over - 0 runs, 3 hits, 0 errors, 2 left on base; Cleveland (WIN) 4 - Tampa Bay (WIN) 2 |
BOTTOM OF THE 6TH |
Tampa Bay (WIN) Rays batting - Pitching for Cleveland (WIN) Indians : RHP Fred Huber
|
Batting: SHB Lou Kroneman
|
0-0: Called Strike 0-1: Ground out U3 (Groundball, 3S, EV 71.9 MPH)
|
Batting: SHB Joey Pacheco
|
0-0: Called Strike 0-1: Ball 1-1: Foul Ball, location: 2F 1-2: Ball 2-2: Ball 3-2: Foul Ball, location: 2F 3-2: Ground out U3 (Groundball, 3S, EV 63.8 MPH)
|
Batting: RHB Jonathan Fraire
|
0-0: Ball 1-0: Called Strike 1-1: Called Strike 1-2: SOLO HOME RUN (Flyball, 7D, EV 98.8 MPH), Distance : 388 ft
|
Batting: LHB Eric Toney
|
0-0: Ball 1-0: Fly out, F9 (Flyball, 9, EV 79.4 MPH)
|
Bottom of the 6th over - 1 run, 1 hit, 0 errors, 0 left on base; Cleveland (WIN) 4 - Tampa Bay (WIN) 3 |
TOP OF THE 7TH |
Cleveland (WIN) Indians batting - Pitching for Tampa Bay (WIN) Rays : LHP Chris Ross
|
Batting: RHB Mitch Boyd
|
0-0: Ball 1-0: Ball 2-0: Foul Ball, location: 2F 2-1: Ball 3-1: Base on Balls
|
Batting: RHB George Wagner
|
0-0: Sac Bunt to 13S - play at first, batter OUT! 1-3 Mitch Boyd to second
|
Batting: LHB Esteban Cordova
|
0-0: Swinging Strike 0-1: Swinging Strike 0-2: Ball 1-2: Ball 2-2: Strikes out swinging
|
Batting: RHB Rick O'Reilly
|
0-0: Ball 1-0: Ball 2-0: Ball 3-0: Foul Ball, location: 2F 3-1: Called Strike 3-2: Foul Ball, location: 2F 3-2: Base on Balls
|
Pitching: RHP Tung-chi Tian
|
|
Batting: LHB John Harring
|
0-0: Foul Ball, location: 2F 0-1: Foul Ball, location: 2F 0-2: Ball 1-2: Strikes out swinging
|
Top of the 7th over - 0 runs, 0 hits, 0 errors, 2 left on base; Cleveland (WIN) 4 - Tampa Bay (WIN) 3 |
BOTTOM OF THE 7TH |
Tampa Bay (WIN) Rays batting - Pitching for Cleveland (WIN) Indians : RHP Fred Huber
|
Pitching: LHP Victor Garcia
|
|
Now at 2B: Javon Mitchell
|
|
Batting: RHB Sesto Carpini
|
0-0: Called Strike 0-1: Called Strike 0-2: Ball 1-2: Ground out 3-1 (Groundball, 34, EV 102.5 MPH)
|
Batting: LHB Darryl Gonnella
|
0-0: Foul Ball, location: 2F 0-1: Ball 1-1: Foul Ball, location: 2F 1-2: Ball 2-2: Ball 3-2: Ground out 6-3 (Groundball, 6, EV 82.5 MPH)
|
Batting: RHB James Huddleston
|
0-0: Ball 1-0: Ball 2-0: Called Strike 2-1: Swinging Strike 2-2: Strikes out swinging
|
Bottom of the 7th over - 0 runs, 0 hits, 0 errors, 0 left on base; Cleveland (WIN) 4 - Tampa Bay (WIN) 3 |
TOP OF THE 8TH |
Cleveland (WIN) Indians batting - Pitching for Tampa Bay (WIN) Rays : RHP Tung-chi Tian
|
Batting: RHB Anibal Casteles
|
0-0: Ball 1-0: Fly out, F7 (Flyball, 7D, EV 88.1 MPH)
|
Batting: RHB Christian Blue
|
0-0: Ball 1-0: Called Strike 1-1: Called Strike 1-2: Ball 2-2: Strikes out looking
|
Batting: RHB Adam McMillen
|
0-0: Foul Ball, location: 2F 0-1: Swinging Strike 0-2: Strikes out swinging
|
Top of the 8th over - 0 runs, 0 hits, 0 errors, 0 left on base; Cleveland (WIN) 4 - Tampa Bay (WIN) 3 |
BOTTOM OF THE 8TH |
Tampa Bay (WIN) Rays batting - Pitching for Cleveland (WIN) Indians : LHP Victor Garcia
|
Batting: RHB Roberto Aispuro
|
0-0: Called Strike 0-1: Ball 1-1: Ball 2-1: Foul Ball, location: 2F 2-2: Strikes out swinging
|
Batting: RHB Alex Diaz
|
0-0: Ball 1-0: Swinging Strike 1-1: Ball 2-1: Ball 3-1: Base on Balls
|
Batting: SHB Lou Kroneman
|
0-0: Foul Ball, location: 2F 0-1: Fly out, F8 (Line Drive, 8RD, EV 90.0 MPH)
|
Batting: SHB Joey Pacheco
|
0-0: Foul Ball, location: 2F 0-1: Ball 1-1: Ball 2-1: Ball 3-1: Foul Ball, location: 2F 3-2: Base on Balls Alex Diaz to second
|
Batting: RHB Jonathan Fraire
|
0-0: Swinging Strike 0-1: Ball 1-1: Foul Ball, location: 2F 1-2: Strikes out swinging
|
Bottom of the 8th over - 0 runs, 0 hits, 0 errors, 2 left on base; Cleveland (WIN) 4 - Tampa Bay (WIN) 3 |
TOP OF THE 9TH |
Cleveland (WIN) Indians batting - Pitching for Tampa Bay (WIN) Rays : RHP Tung-chi Tian
|
Batting: LHB Corey Trevor
|
0-0: Called Strike 0-1: Swinging Strike 0-2: Fly out, F8 (Flyball, 8LXD, EV 101.2 MPH)
|
Batting: SHB Javon Mitchell
|
0-0: Foul Ball, location: 2F 0-1: Swinging Strike 0-2: Strikes out looking
|
Batting: RHB George Wagner
|
0-0: Called Strike 0-1: TRIPLE (Line Drive, 78XD, EV 107.5 MPH)
|
Batting: LHB Esteban Cordova
|
0-0: Called Strike 0-1: Ball 1-1: Ball 2-1: Ball 3-1: Called Strike 3-2: Strikes out swinging
|
Top of the 9th over - 0 runs, 1 hit, 0 errors, 1 left on base; Cleveland (WIN) 4 - Tampa Bay (WIN) 3 |
BOTTOM OF THE 9TH |
Tampa Bay (WIN) Rays batting - Pitching for Cleveland (WIN) Indians : LHP Victor Garcia
|
Pitching: RHP Chris Cohen
|
|
Batting: LHB Eric Toney
|
0-0: Ball 1-0: Ball 2-0: Swinging Strike 2-1: Fly out, F8 (Flyball, 8LS, EV 68.8 MPH)
|
Batting: RHB Sesto Carpini
|
0-0: Ball 1-0: Called Strike 1-1: Swinging Strike 1-2: Ball 2-2: Ball 3-2: Strikes out swinging
|
Batting: LHB Darryl Gonnella
|
0-0: Called Strike 0-1: Ball 1-1: Foul Ball, location: 2F 1-2: Foul Ball, location: 2F 1-2: Ground out 4-3 (Groundball, 4, EV 108.1 MPH)
|
Bottom of the 9th over - 0 runs, 0 hits, 0 errors, 0 left on base; Cleveland (WIN) 4 - Tampa Bay (WIN) 3 |
|